AoeStats
← PickledCabbage

African Clearing

510460473Analyzed
4v4 RM · 22h ago on Oct 1, 2026· 43m 17s· 8 players
Game mode
Random Map
Map size
Large (8 player)
Population
200
Speed
Normal
Resources
Standard
Victory
Conquest
Starting age
Dark Age
Ending age
Imperial Age
RankedLock teamsTeams togetherTeam positionsShared explorationLock speedFull tech treeHidden civsTurbo modeCheats
Victory
Defeat
🇨🇦 Franks · Canada
1537
+12
🇶🇦 Teutons · Qatar
1503
+14
🇺🇸 Lithuanians · United States
1474
+15
🇭🇰 Saxons · Hong Kong SAR China
1436
+17
🇦🇷 Wei · Argentina
1550
-17
🇨🇦 Khitans · Canada
1509
-17
🇨🇦 Japanese · Canada
1503
-17
🇺🇸 Malians · United States
1253
-7
Fs.Caboclo
7:42 Loom
13:18 Feudal Age
17:49 Castle Age
23:47 Double-Bit Axe
23:52 Horse Collar
26:22 Bow Saw
26:17 Heavy Plow
28:30 Husbandry
28:41 Bloodlines
29:44 Wheelbarrow
34:17 Imperial Age
32:05 Gold Mining
32:07 Stone Mining
32:46 Forging
34:17 Scale Barding Armor
34:55 Stone Shaft Mining
35:19 Chain Barding Armor
34:31 Cavalier
35:34 Conscription
36:16 Iron Casting
36:12 Hand Cart
38:07 Plate Barding Armor
37:27 Town Watch
39:21 Paladin
40:29 Padded Archer Armor
40:20 Fletching
Billy Bathgate
4:59 Loom
12:42 Feudal Age
13:53 Double-Bit Axe
14:26 Fletching
17:29 Padded Archer Armor
24:10 Town Watch
26:53 Wheelbarrow
30:39 Castle Age
30:58 Scale Barding Armor
31:03 Forging
40:05 Forging
42:40 Arson
42:56 Squires
JanChess
5:37 Loom
15:27 Feudal Age
19:12 Castle Age
17:51 Double-Bit Axe
17:48 Horse Collar
18:30 Gold Mining
20:36 Wheelbarrow
20:26 Heavy Plow
20:40 Bow Saw
20:39 Heavy Plow
34:48 Bloodlines
36:28 Scale Barding Armor
36:34 Forging
36:50 Stone Mining
38:37 Chain Barding Armor
39:08 Hand Cart
41:52 Imperial Age
40:49 Iron Casting
41:41 Fletching
43:10 Plate Barding Armor
41:58 Cavalier
43:42 Stone Shaft Mining
kinwaleung18
13:45 Feudal Age
12:57 Loom
17:33 Castle Age
15:50 Double-Bit Axe
16:28 Horse Collar
20:25 Scale Mail Armor
22:22 Chain Mail Armor
23:53 Forging
24:33 Arson
24:49 Squires
25:59 Gold Mining
30:56 Wheelbarrow
32:14 Town Watch
32:22 Stone Mining
32:51 Bow Saw
36:06 Hand Cart
41:33 Imperial Age
39:37 Fletching
40:23 Iron Casting
39:54 Heavy Plow
41:01 Pikeman
41:53 Elite Hearth Troop
41:55 Shield Wall
43:11 Plate Mail Armor
42:33 Elite Varangian Guard
43:01 Gambesons
PickledCabbage
9:12 Loom
10:33 Loom
12:39 Feudal Age
14:31 Double-Bit Axe
14:38 Gold Mining
15:54 Fletching
21:20 Castle Age
19:56 Padded Archer Armor
20:11 Domestication
20:41 Stone Mining
22:06 Bodkin Arrow
29:54 Town Watch
32:22 Leather Archer Armor
36:28 Ballistics
37:24 Scale Mail Armor
AquilaMaximus
11:44 Loom
14:04 Feudal Age
14:07 Man-at-Arms
16:03 Scale Mail Armor
17:05 Padded Archer Armor
16:57 Fletching
34:32 Castle Age
32:55 Double-Bit Axe
37:03 Horse Collar
41:44 Wheelbarrow
Cyvarios
6:42 Loom
11:48 Feudal Age
10:04 Loom
12:55 Double-Bit Axe
13:48 Fletching
16:27 Padded Archer Armor
22:56 Castle Age
21:50 Gold Mining
24:16 Scale Mail Armor
24:18 Squires
23:51 Elite Skirmisher
27:54 Horse Collar
30:06 Chain Mail Armor
32:53 Forging
34:25 Arson
37:08 Pikeman
39:16 Bodkin Arrow
Chipmunk
13:41 Feudal Age
13:57 Loom
14:26 Town Watch
17:33 Castle Age
16:05 Double-Bit Axe
16:55 Fletching
17:05 Padded Archer Armor
18:36 Bodkin Arrow
25:05 Wheelbarrow
26:07 Horse Collar
26:57 Gold Mining
27:02 Stone Mining
28:47 Heavy Plow
32:59 Hand Cart
33:38 Husbandry
33:49 Bloodlines
37:56 Imperial Age
36:18 Gold Shaft Mining
36:18 Stone Shaft Mining
37:31 Scale Barding Armor
37:52 Forging
38:26 Ballistics
38:15 Tuntian
39:04 Chain Barding Armor
39:43 Iron Casting
39:31 Conscription
40:02 Bracer
40:19 Leather Archer Armor
41:08 Chemistry
40:19 Masonry
41:29 Blast Furnace
40:39 Thumb Ring
41:00 Parthian Tactics
41:21 Ming Guang Armor
42:07 Elite Tiger Cavalry
Connection lost

Rejoining the realm…

Still unreachable

The connection could not be restored.

Session expired

The server has moved on; the page needs a fresh start.